AoeStats
← Blazing Cartesia, The Virtuous

Arabia

510471229Analyzed
1v1 RM · 20h ago on Oct 1, 2026· 41m 3s· 2 players
Game mode
Random Map
Map size
Tiny (2 player)
Population
200
Speed
Normal
Resources
Standard
Victory
Conquest
Starting age
Dark Age
Ending age
Imperial Age
RankedLock teamsTeams togetherTeam positionsShared explorationLock speedFull tech treeHidden civsTurbo modeCheats
Victory
Defeat
1259
+15
🇭🇰 Huns · Hong Kong SAR China
1246
-15
San
7:03 Loom
9:42 Feudal Age
10:23 Double-Bit Axe
13:06 Horse Collar
18:08 Wheelbarrow
22:56 Castle Age
21:37 Fletching
22:03 Bloodlines
22:45 Padded Archer Armor
25:54 Bodkin Arrow
26:56 Leather Archer Armor
26:54 Husbandry
39:07 Hand Cart
39:07 Bow Saw
38:51 Gold Mining
40:55 Thumb Ring
Blazing Cartesia, The Virtuous
5:31 Loom
8:52 Feudal Age
10:16 Double-Bit Axe
11:41 Horse Collar
16:01 Fletching
18:13 Wheelbarrow
21:41 Castle Age
20:20 Gold Mining
21:03 Bloodlines
21:06 Scale Barding Armor
22:20 Bow Saw
22:13 Heavy Plow
23:43 Husbandry
24:38 Forging
27:37 Elite Skirmisher
29:01 Bodkin Arrow
32:43 Ballistics
32:49 Chain Barding Armor
32:31 Padded Archer Armor
36:29 Hand Cart
39:59 Imperial Age
37:51 Town Watch
37:39 Light Cavalry
37:48 Crossbowman
38:34 Thumb Ring
41:10 Gold Shaft Mining
40:26 Stone Mining
41:28 Conscription
40:44 Cavalier
42:16 Plate Barding Armor
Connection lost

Rejoining the realm…

Still unreachable

The connection could not be restored.

Session expired

The server has moved on; the page needs a fresh start.